 Dungeon Crawl Stone Soup version 0.32-a0-968-g61e5eb5241 (webtiles) character file.

Game seed: 5638817561377461295

10068 GabrielManson the Mimic (level 11, -7/98 HPs)
             Began as an Octopode Shapeshifter on Apr 12, 2024.
             Was a Follower of Qazlal.
             Mangled by an eight-headed hydra (10 damage)
             ... on level 2 of the Lair of Beasts on Apr 18, 2024.
             The game lasted 00:31:55 (8178 turns).

GabrielManson the Mimic (Octopode Shapeshifter)     Turns: 8178, Time: 00:31:56

Health: -7/98      AC: 14    Str: 29      XL:     11   Next: 56%
Magic:  11/11      EV:  9    Int: 10 (11) God:    Qazlal [*.....]
Gold:   140        SH:  1    Dex: 15      Spells: 10/10 levels left

rFire   . .          .
                       - Unarmed
rCold   . . .        (shield currently unavailable)
rNeg    . . .        (helmet currently unavailable)
rPois   +            G - amulet of regeneration
rElec   .            e - +4 ring of slaying
rCorr   .            u - ring of flight
SInv    +            E - +6 ring of strength
Will    .....        k - +4 ring of protection
Stlth   +            N - ring of see invisible
HPRegen 1.16/turn    (no ring)
MPRegen 0.12/turn    (no ring)
                     (no ring)

%: no passive effects
@: snake-form, flying
A: constrict, boosted hp, almost no armour, amphibious, 8 rings, large,
(camouflage 1), (gelatinous body 1), (nimble swimmer 1), (tentacles),
(iridescent scales 1), agile 1, deterioration 1, wild magic 1
a: Begin Untransformation, Renounce Religion


You were on level 2 of the Lair of Beasts.
You worshipped Qazlal.
Qazlal was aware of your devotion.
You were an enormous serpent.
You visited 3 branches of the dungeon, and saw 11 of its levels.
You also visited: Ossuary.

You collected 536 gold pieces.
You spent 396 gold pieces at shops.

Inventory:

Missiles
 j - 5 throwing nets (quivered)
Armour
 P - a scarf of repulsion
Jewellery
 e - a +4 ring of slaying (left tentacle)
 k - a +4 ring of protection (on tentacle)
 q - a ring of ice
 u - a ring of flight (right tentacle)
 E - a +6 ring of strength (on tentacle)
 G - an amulet of regeneration (around neck)
 J - a ring of fire
 M - an amulet of reflection
 N - a ring of see invisible (on tentacle)
Talismans
 b - a beast talisman
 c - a flux talisman
 g - a serpent talisman (active)
Wands
 d - a wand of flame (29)
 o - a wand of polymorph (6)
 r - a wand of light (6)
 F - a wand of roots (23)
 H - a wand of paralysis (3)
Scrolls
 a - a scroll of vulnerability {unknown}
 f - 2 scrolls of poison
 h - 2 scrolls of enchant weapon
 m - a scroll of blinking
 p - a scroll of immolation {unknown}
 v - a scroll of amnesia
 w - a scroll of brand weapon {unknown}
 x - a scroll of enchant armour
 y - 2 scrolls of teleportation
 A - a scroll of fog {unknown}
 B - a scroll of fear {unknown}
 C - 2 scrolls of revelation
 I - a scroll of silence {unknown}
Potions
 i - 2 potions of might
 l - a potion of ambrosia
 n - 2 potions of heal wounds
 s - a potion of magic
 t - a potion of invisibility
 z - 5 potions of curing
 D - 2 potions of brilliance
 K - a potion of haste {unknown}
 L - a potion of mutation
 O - a potion of enlightenment


   Skills:
 + Level 10.4 Fighting
 - Level 2.2 Dodging
 * Level 10.5 Unarmed Combat
 * Level 12.1 Shapeshifting


You had 10 spell levels left.
You didn't know any spells.
Your spell library contained the following spells:

 Spells                   Type           Power      Damage    Failure   Level
 Magic Dart               Conj           0%         1d3       45%         1
 Necrotise                Necr           0%         1d4       45%         1
 Scorch                   Fire           0%         2d5       58%         2
 Searing Ray              Conj           0%         2d4       58%         2
 Frozen Ramparts          Ice            0%         1d1       82%         3
 Inner Flame              Hex/Fire       0%         N/A       82%         3
 Ozocubu's Armour         Ice            0%         N/A       82%         3
 Cause Fear               Hex            0%         N/A       99%         4
 Flame Wave               Conj/Fire      0%         2d4       99%         4
 Fulminant Prism          Conj/Alch      0%         3d5       99%         4
 Summon Blazeheart Golem  Fire/Summ      0%         N/A       99%         4
 Fireball                 Conj/Fire      0%         3d3       100%        5
 Irradiate                Conj/Alch      0%         3d11      100%        5
 Metabolic Englaciation   Hex/Ice        0%         N/A       100%        5
 Summon Cactus Giant      Summ           0%         N/A       100%        6
 Orb of Destruction       Conj           0%         9d5       100%        7
 Spellforged Servitor     Conj/Summ      0%         N/A       100%        7
 Ignition                 Fire           0%         3d3       100%        8
 Dragon's Call            Summ           0%         N/A       100%        9


Dungeon Overview and Level Annotations

Branches:
Dungeon (8/15)             Temple (1/1) D:6            Lair (2/5) D:8
Ossuary (visited)
  Swamp: Lair:2-3    Shoals: Lair:2-3     Snake: Lair:2-3    Spider: Lair:2-3

Altars:
Dithmenos
Elyvilon
Fedhas
Hepliaklqana
Kikubaaqudgha
Makhleb
Nemelex Xobeh
Okawaru
Qazlal
Ru
Sif Muna
Trog
Vehumet
Wu Jian
Xom
Yredelemnul
The Shining One

Shops:
D:8 *=?

Annotations:
Lair:1 1 runed translucent door, Jano's ghost, journeyman DEEE


Innate Abilities, Weirdness & Mutations

You are an enormous serpent.
You have a powerful constriction melee attack.
Your maximum health is increased.
Your armour is entirely melded.
You are incapable of wielding weapons or throwing items.
You cannot wear most types of armour.
You are amphibious.
You can wear up to eight rings at the same time.
((Your skin changes colour to match your surroundings (Stealth+).))
((Your rubbery body absorbs attacks. (AC +1, EV +1)))
((You are camouflaged when in or above water. (Stealth+)))
((You have tentacles for arms and can constrict up to eight enemies at once.))
((You are partially covered in iridescent scales. (AC +2)))
You are agile. (Dex +4, Str/Int -1)
Your body sometimes deteriorates upon taking damage.
Your spells are a little harder to cast, but a little more powerful.


Message History

The eight-headed hydra bites you but does no damage.
The eight-headed hydra bites you!
* * * LOW HITPOINT WARNING * * *
The eight-headed hydra bites you.
* * * LOW HITPOINT WARNING * * *
The eight-headed hydra bites you.
* * * LOW HITPOINT WARNING * * *
You feel much better.
The eight-headed hydra bites you but does no damage.
You block the eight-headed hydra's attack.
The eight-headed hydra bites you but does no damage.
The eight-headed hydra barely misses you. x2
The eight-headed hydra bites you but does no damage.
The eight-headed hydra bites you! The eight-headed hydra bites you.
Aiming: Paralyse
Press: ? - help, Shift-Dir - straight line, f - eight-headed hydra
Aim: an eight-headed hydra (heavily wounded, chance to affect: 17%)
The eight-headed hydra resists with almost no effort.
The eight-headed hydra barely misses you.
The eight-headed hydra bites you.
* * * LOW HITPOINT WARNING * * *
The eight-headed hydra barely misses you.
The eight-headed hydra bites you.
* * * LOW HITPOINT WARNING * * *
The eight-headed hydra bites you but does no damage.
The eight-headed hydra bites you.
* * * LOW HITPOINT WARNING * * *
You block the eight-headed hydra's attack.
The eight-headed hydra barely misses you.
You body-slam the eight-headed hydra!!
The eight-headed hydra is severely wounded.
The eight-headed hydra bites you!
* * * LOW HITPOINT WARNING * * *
The eight-headed hydra bites you.
* * * LOW HITPOINT WARNING * * *
The eight-headed hydra bites you but does no damage. x2
The eight-headed hydra bites you.
* * * LOW HITPOINT WARNING * * *
The eight-headed hydra bites you!
You die...

#### ..# ## # ..#
#P##.#. #.## .......
#.P######.#PP##. .
#######.##P##.........
.##.............SD#
.P##..#P....#####.P#
.....###...## ..#
..........## ..#
##....##.## ..#
####..#### ..# #..#.##
.## .....# .# ..P#.#


You could see an eight-headed hydra.

Vanquished Creatures
  A catoblepas (Lair:1)
  A two-headed ogre (D:7)
  Pikel (D:7)
  An oklob plant (Lair:1)
  A cane toad (Lair:1)
  Jeremiah (Lair:1)
  Grinder (D:3)
  2 basilisks
  10 yaks
  A human (D:3)
  A steam dragon (D:7)
  Menkaure (Ossuary)
  The ghost of whodunnit the Insei, an amateur TeSh (D:4)
  7 water moccasins
  An orc warrior (D:7)
  A sky beast (D:5)
  An ice beast (D:7)
  2 centaurs (D:6)
  A phantom (D:5)
  An elf zombie (Ossuary)
  4 bullfrogs
  6 scorpions
  3 howler monkeys
  A centaur zombie (Ossuary)
  4 hounds
  2 jellies (D:5)
  2 orc priests (D:5)
  A bombardier beetle (D:5)
  2 gnoll boudas
  A bullfrog skeleton (D:4)
  2 iguanas
  2 sleepcaps (D:5)
  Ijyb (D:4)
  Natasha (twice) (D:3)
  6 orc wizards
  4 ogre zombies (Ossuary)
  6 mummies (Ossuary)
  A howler monkey zombie (D:4)
  12 gnolls
  6 adders
  A white imp (D:7)
  2 ufetubi (D:7)
  4 adder zombies (Ossuary)
  A ribbon worm (D:2)
  13 orcs
  3 bats
  7 endoplasms
  4 giant cockroaches
  A gnoll zombie (Ossuary)
  7 goblins
  7 hobgoblins
  2 jackals (D:4)
  5 kobolds
  2 quokkas
  5 ball pythons
  11 frilled lizards
  A goblin zombie (Ossuary)
  4 hobgoblin zombies (Ossuary)
  A jackal zombie (D:3)
  8 kobold zombies (Ossuary)
  4 quokka zombies
  2 rats (D:2)
  4 rat zombies
204 creatures vanquished.

Notes
Turn   | Place    | Note
-------+----------+-------------------------------------------
     0 | D:1      | GabrielManson the Octopode Shapeshifter began the quest for
                  | the Orb.
     0 | D:1      | Reached XP level 1. HP: 13/13 MP: 1/1
   151 | D:1      | You fall into a shaft and drop 1 floor!
   470 | D:1      | Reached XP level 2. HP: 12/18 MP: 2/2
   663 | D:1      | Reached skill level 7 in Shapeshifting
   663 | D:1      | Reached XP level 3. HP: 15/23 MP: 3/3
  1435 | D:2      | Reached XP level 4. HP: 28/28 MP: 4/4
  1594 | D:3      | Found a runed translucent door.
  1594 | D:3      | Noticed a human
  1614 | D:3      | Found a basalt altar of Yredelemnul.
  1663 | D:3      | Killed a human
  1742 | D:3      | Noticed Grinder
  1749 | D:3      | Killed Grinder
  1750 | D:3      | Reached XP level 5. HP: 26/34 MP: 5/5
  1750 | D:3      | Reached XP level 6. HP: 30/39 MP: 6/6
  1828 | D:3      | Noticed Natasha
  1831 | D:3      | Killed Natasha
  1912 | D:3      | Found a hazy altar of Hepliaklqana.
  2030 | D:3      | Found an iron altar of Okawaru.
  2295 | D:3      | Noticed Natasha
  2300 | D:3      | Killed Natasha
  2301 | D:3      | Reached skill level 8 in Shapeshifting
  2325 | D:3      | Found a shadowy altar of Dithmenos.
  2537 | D:4      | Found a shimmering blue altar of Sif Muna.
  2609 | D:4      | Reached XP level 7. HP: 15/45 MP: 7/7
  2614 | D:4      | Got Sif Muna's Tractate on Sciomancy
  2919 | D:4      | Noticed Ijyb
  2925 | D:4      | Killed Ijyb
  3214 | D:4      | Gained mutation: You occasionally lose the ability to read
                  | scrolls when taking damage. [potion of mutation]
  3214 | D:4      | Gained mutation: Your natural rate of healing is unusually
                  | fast. [potion of mutation]
  3214 | D:4      | Gained mutation: Your body sometimes deteriorates upon
                  | taking damage. [potion of mutation]
  3273 | D:4      | Found a runed translucent gate.
  3273 | D:4      | Found a runed translucent gate.
  3274 | D:4      | Found a runed translucent gate.
  3277 | D:4      | Noticed whodunnit's ghost (amateur TeSh)
  3300 | D:4      | Killed whodunnit's ghost
  3326 | D:5      | Entered Level 5 of the Dungeon
  3569 | D:5      | Reached XP level 8. HP: 52/52 MP: 8/8
  4043 | D:5      | Reached skill level 9 in Shapeshifting
  4439 | D:6      | Reached XP level 9. HP: 30/58 MP: 9/9
  4500 | D:6      | Found a white marble altar of Elyvilon.
  4699 | D:6      | Found a sand-covered staircase.
  4707 | Ossuary  | Entered an ossuary
  4822 | Ossuary  | Noticed Menkaure
  4831 | Ossuary  | Killed Menkaure
  4943 | Ossuary  | Reached skill level 11 in Shapeshifting
  4943 | Ossuary  | Reached XP level 10. HP: 75/75 MP: 10/10
  4944 | Ossuary  | Lost mutation: Your body sometimes deteriorates upon taking
                  | damage. [potion of mutation]
  4944 | Ossuary  | Lost mutation: You occasionally lose the ability to read
                  | scrolls when taking damage. [potion of mutation]
  4944 | Ossuary  | Gained mutation: You have an increased reservoir of magic.
                  | (+10% MP) [potion of mutation]
  4944 | Ossuary  | Gained mutation: You occasionally lose the ability to drink
                  | potions when taking damage. [potion of mutation]
  4945 | Ossuary  | Lost mutation: Your natural rate of healing is unusually
                  | fast. [potion of mutation]
  4945 | Ossuary  | Lost mutation: You have an increased reservoir of magic.
                  | (+10% MP) [potion of mutation]
  4945 | Ossuary  | Lost mutation: You occasionally lose the ability to drink
                  | potions when taking damage. [potion of mutation]
  4945 | Ossuary  | Gained mutation: You are agile. (Dex +4, Str/Int -1)
                  | [potion of mutation]
  4945 | Ossuary  | Gained mutation: One of your tentacles bears a spike.
                  | [potion of mutation]
  4945 | Ossuary  | Gained mutation: You are very agile. (Dex +8, Str/Int -2)
                  | [potion of mutation]
  5113 | D:6      | Found a staircase to the Ecumenical Temple.
  5134 | Temple   | Entered the Ecumenical Temple
  5183 | Temple   | Became a worshipper of Qazlal Stormbringer
  5184 | Temple   | Upgraded the game from 0.32-a0-921-g04a7ad8e02 to
                  | 0.32-a0-968-g61e5eb5241
  5455 | D:7      | Noticed a two-headed ogre
  5463 | D:7      | Killed a two-headed ogre
  5836 | D:7      | Noticed Pikel
  5840 | D:7      | Killed Pikel
  5909 | D:7      | Found a shimmering altar of Xom.
  5998 | D:7      | Lost mutation: You are very agile. (Dex +8, Str/Int -2)
                  | [potion of mutation]
  5998 | D:7      | Lost mutation: One of your tentacles bears a spike. [potion
                  | of mutation]
  5998 | D:7      | Gained mutation: You are partially covered in iridescent
                  | scales. (AC +2) [potion of mutation]
  5998 | D:7      | Gained mutation: Your body sometimes deteriorates upon
                  | taking damage. [potion of mutation]
  5998 | D:7      | Gained mutation: Your spells are a little harder to cast,
                  | but a little more powerful. [potion of mutation]
  6239 | D:8      | Found Faw Ihiyqo's Magic Scroll Shoppe.
  6330 | D:8      | Found Vuuptu's General Store.
  6333 | D:8      | Bought a +4 ring of protection for 396 gold pieces
  6353 | D:8      | Found Uwkano's Jewellery Boutique.
  6388 | D:8      | Found a burning altar of Makhleb.
  6394 | D:8      | Reached * piety under Qazlal
  6398 | D:8      | Reached skill level 10 in Fighting
  6398 | D:8      | Reached XP level 11. HP: 72/81 MP: 11/11
  6519 | D:8      | Found a staircase to the Lair.
  6532 | Lair:1   | Entered Level 1 of the Lair of Beasts
  6827 | Lair:1   | Noticed a catoblepas
  6838 | Lair:1   | Killed a catoblepas
  6839 | Lair:1   | Reached skill level 10 in Unarmed Combat
  6916 | Lair:1   | Noticed an oklob plant
  7229 | Lair:1   | Noticed Jeremiah
  7256 | Lair:1   | Killed Jeremiah
  7257 | Lair:1   | Reached skill level 12 in Shapeshifting
  7402 | Lair:1   | Found a runed translucent door.
  7402 | Lair:1   | Noticed Jano's ghost (journeyman DEEE)
  7755 | Lair:1   | Killed an oklob plant
  8171 | Lair:2   | Noticed an eight-headed hydra
  8178 | Lair:2   | HP: 3/98 [eight-headed hydra (3)]
  8178 | Lair:2   | Mangled by an eight-headed hydra

Illustrated notes

Levels and vault maps discovered:
D:1:      minmay_arrival_glassed_features, layout_loops_ring
D:2:      layout_basic
D:3:      layout_loops_ring, dk_yredelemnul_ordeal, mainiacjoe_overflow_swirl,
          mainiacjoe_overflow_tiny_flanked, minmay_lizard_king, uniq_natasha,
          uniq_grinder
D:4:      layout_loops_cross, led_sif_book, gammafunk_ghost_necromancy,
          uniq_ijyb
D:5:      layout_basic, chequers_serial_rivers_micro_e,
          nicolae_figureground_pulse
D:6:      layout_basic, elyvilon_altar_3, minmay_temple_entry_offerings,
          enter_ossuary_4
D:7:      layout_basic, marbit_many_paths, uniq_pikel
D:8:      layout_loops_ring, makhleb_blood_cavern_becter, lair_entry_dummy,
          serial_shops, nicolae_shop_gibbet_a_chance,
          nicolae_shop_tiny_real_fake_doors, shop, shop
Temple:   dpeg_three_leaves_temple
Lair:1:   layout_cave_pods, gammafunk_ghost_grave, minmay_lair_oklob_bushes,
          uniq_jeremiah
Lair:2:   layout_loops_ring, grunt_megastairs_3

Skill      XL: |  1  2  3  4  5  6  7  8  9 10 11 |
---------------+----------------------------------+-----
Unarmed Combat | 6 7 8 9 10 | 10.5
Shapeshifting  | 7 8 9 11 12 | 12.1
Fighting       | 2 3 4 9 10 | 10.4
Dodging        | |  2.2

Action                     |  1- 3 |  4- 6 |  7- 9 | 10-12 || total
---------------------------+-------+-------+-------+-------++-------
  Melee: Unarmed           |    37 |    77 |   136 |   182 ||   432
         Tentacles         |     6 |     3 |       |       ||     9
         Constrict         |     7 |    16 |    34 |    40 ||    97
         Punch             |       |     1 |       |       ||     1
  Evoke: Wand              |       |       |     3 |     1 ||     4
    Use: Potion            |     7 |     4 |     4 |     5 ||    20
         Scroll            |     2 |     1 |     2 |     7 ||    12
   Stab: Sleeping          |     2 |     1 |       |     3 ||     6
 Armour: Skin              |    13 |    57 |    93 |   130 ||   293
  Dodge: Dodged            |    26 |    28 |    43 |    49 ||   146
  Block: Other             |       |       |       |     5 ||     5
   Form: Serpent           |       |     1 |       |       ||     1

Table legend: (Time is in decaauts)
 A = Elapsed time spent in this place.
 B = Non-inter-level travel time spent in this place.
 C = Inter-level travel time spent in this place.
 D = Time resting spent in this place.
 E = Time spent auto-exploring this place.
 F = Levels seen in this place.
 G = Mean time per level.
                   A        B        C        D        E       F      G
               +--------+--------+--------+--------+--------+-----+--------+
         Total |   8105 |   7976 |    129 |    975 |   5435 |  12 |  675.4 |
       Dungeon |   6030 |   5931 |     99 |    563 |   4328 |   8 |  753.8 |
        Temple |     61 |     61 |      0 |      0 |      0 |   1 |   61.0 |
          Lair |   1630 |   1601 |     29 |    374 |    910 |   2 |  815.0 |
       Ossuary |    383 |    383 |      0 |     38 |    197 |   1 |  383.0 |
               +--------+--------+--------+--------+--------+-----+--------+

Top non-repeatable levels by time:
  Lair:1: 1545 daAuts
     D:5: 1091 daAuts
     D:4: 969 daAuts
     D:2: 866 daAuts
     D:3: 770 daAuts
     D:7: 767 daAuts
     D:1: 701 daAuts
     D:6: 541 daAuts
 Ossuary: 383 daAuts
     D:8: 321 daAuts
  Lair:2: 85 daAuts
  Temple: 61 daAuts
